 Dungeon Crawl Stone Soup version 0.17-a0-1636-g3119f2b (webtiles) character file.

627 Kidiri the Covered (level 7, -1/44 HPs)
             Began as a Gargoyle Fighter on Aug 5, 2015.
             Killed by nerve-wracking pain
             ... invoked by an orc priest
              (13 damage)
             ... on level 4 of the Dungeon.
             The game lasted 00:11:22 (3536 turns).

Kidiri the Covered (Gargoyle Fighter)               Turns: 3536, Time: 00:11:23

Health: -1/44      AC: 15    Str: 26    XL:     7   Next: 48%
Magic:  7/7        EV:  7    Int:  8    God:
Gold:   26         SH: 10    Dex: 10    Spells: 0 memorised, 6 levels left

rFire  . . .     SeeInvis .     n - +1 morningstar
rCold  . . .     Clarity  .     s - +0 chain mail
rNeg   + . .     SustAt   .     c - +0 shield
rPois  ∞         Gourm    .     o - +1 hat
rElec  +         Spirit   .     (no cloak)
rCorr  .         Warding  .     (no gloves)
rMut   .         Stasis   .     (no boots)
MR     .....                    (no amulet)
Stlth  ..........               (no ring)
                                (no ring)

@: mighty, not resistant to hostile enchantments, extremely unstealthy
A: negative energy resistance 1, electricity resistance, unbreathing,
petrification resistance, rot immunity, AC +4
a: no special abilities


You were on level 4 of the Dungeon.
You were not hungry.

You visited 1 branch of the dungeon, and saw 4 of its levels.

You collected 136 gold pieces.
You spent 110 gold pieces at shops.

Inventory:

Hand weapons
 n - a +1 morningstar (weapon)
Armour
 c - a +0 shield (worn)
 o - a +1 hat (worn)
 s - a +0 chain mail (worn)
Magical devices
 k - a wand of flame (25)
Scrolls
 f - a scroll of teleportation
 i - 2 scrolls of fog
 j - a scroll of magic mapping
 p - a scroll of remove curse
Potions
 h - a potion of lignification
 l - 2 potions of flight
Comestibles
 e - 3 bread rations
 g - a slice of pizza
 m - 3 chunks of flesh


   Skills:
 + Level 4.5 Fighting
 * Level 4.2 Maces & Flails
 * Level 5.3 Armour
 + Level 1.7 Dodging
 + Level 2.3 Stealth
 * Level 5.0 Shields


You had 6 spell levels left.
You didn't know any spells.

Dungeon Overview and Level Annotations

Branches:
Dungeon (4/15)
 Temple: D:4-7

Altars:
Kikubaaqudgha

Shops:
D:4 ?*(?


Innate Abilities, Weirdness & Mutations

You are resistant to torment.
Your stone body is resilient (AC +4).
You are immune to poison.
You resist negative energy.
You are resistant to electric shocks.
You can survive without breathing.
You are immune to petrification.
You are immune to rotting.


Message History

You hit the orc priest.
The orc priest is moderately wounded.
You block the orc priest's attack.
You hit the orc priest.
The orc priest is heavily wounded.
You block the orc priest's attack.
The orc priest calls down the wrath of Beogh upon you.
Something smites you!
The orc priest mumbles some strange prayers to Beogh against you.
Something smites you!
* * * LOW HITPOINT WARNING * * *
The orc priest hits you but does no damage.
Drink which item? (? for menu, Esc to quit)
You feel very mighty all of a sudden.
The orc priest hits you but does no damage.
You hit the orc priest.
The orc priest is severely wounded.
The orc priest invokes the aid of Beogh against you.
Pain shoots through your body!
You die...

########################
...oooo@................
....#############.......
# #.......
########.......
...............
########.......
....###.......
....).........
......#.......


You could see 2 orc priests and 2 orcs.

Vanquished Creatures
  The ghost of Kidiri the Shield-Bearer, an experienced GrFi of Okawaru (D:4)
  A vampire bat (D:4)
  An orc priest (D:3)
  A hound (D:4)
  2 orc wizards (D:3)
  Jessica (D:3)
  2 worker ants
  Natasha (twice) (D:2)
  5 adders
  A worm (D:2)
  5 giant geckos
  4 orcs (D:3)
  A ball python (D:3)
  12 bats
  A giant cockroach (D:4)
  5 hobgoblins
  5 jackals (D:1)
  10 kobolds
  4 giant newts
  8 goblins
  7 rats
79 creatures vanquished.

Notes
Turn   | Place    | Note
--------------------------------------------------------------
     0 | D:1      | Kidiri the Gargoyle Fighter began the quest for the Orb.
     0 | D:1      | Reached XP level 1. HP: 14/14 MP: 1/1
   207 | D:1      | Reached XP level 2. HP: 19/19 MP: 2/2
   711 | D:1      | Reached XP level 3. HP: 19/23 MP: 3/3
  1294 | D:2      | Reached skill level 4 in Armour
  1360 | D:2      | Found an ancient bone altar of Kikubaaqudgha.
  1426 | D:2      | Noticed Natasha
  1439 | D:2      | Killed Natasha
  1439 | D:2      | Reached XP level 4. HP: 19/29 MP: 4/4
  1654 | D:2      | Reached skill level 1 in Stealth
  1797 | D:3      | Noticed Jessica
  1808 | D:3      | Killed Jessica
  1915 | D:3      | Reached XP level 5. HP: 33/33 MP: 5/5
  2460 | D:3      | Reached skill level 1 in Dodging
  2862 | D:3      | Reached XP level 6. HP: 34/38 MP: 6/6
  2932 | D:2      | Noticed Natasha
  2940 | D:2      | Killed Natasha
  3352 | D:4      | Found Jaotalec's Assorted Antiques.
  3387 | D:4      | Bought a scroll labeled PUOCSO TACLU for 17 gold pieces
  3387 | D:4      | Bought a chain mail for 76 gold pieces
  3387 | D:4      | Bought a scroll labeled BAASCHA FEJEACYTS for 17 gold pieces
  3411 | D:4      | Found Wyscheyq's Weapon Emporium.
  3414 | D:4      | Found Geiwo's Magic Scroll Shoppe.
  3448 | D:4      | Found Pielum's Magic Scroll Boutique.
  3487 | D:4      | Noticed Kidiri's ghost (experienced GrFi)
  3509 | D:4      | Killed Kidiri's ghost
  3509 | D:4      | Reached skill level 5 in Armour
  3509 | D:4      | Reached skill level 5 in Shields
  3509 | D:4      | Reached XP level 7. HP: 33/44 MP: 7/7
  3536 | D:4      | Killed from afar by an orc priest

Vault maps used:
D:1:      ncdulo_wetmaze
D:2:      kiku_gazebo_garden_becter, serial_glass, glass_columns_a,
          glass_columns_c, uniq_natasha
D:3:      minmay_misc_feat_ornament, kennysheep_generic_room_15, uniq_jessica
D:4:      first_bread, serial_shops, shop, nicolae_shop_crystal, shop, shop,
          nicolae_shop_stone, roderic_batcave

Action                   |  1- 3 |  4- 6 |  7- 9 || total
-------------------------+-------+-------+-------++-------
Melee: Flail             |   108 |   101 |       ||   209
       Morningstar       |       |    97 |     3 ||   100
  Use: Scroll            |     2 |     9 |       ||    11
       Potion            |       |     2 |     1 ||     3
  Eat: Chunk             |     2 |     3 |     1 ||     6
       Royal jelly       |       |     1 |       ||     1
       Beef jerky        |       |     1 |       ||     1
